 Dungeon Crawl Stone Soup version 0.31-a0-176-g91f28db67f (webtiles) character file.

Game seed: 3262452289629479539

2205 qw the Skirmisher (level 9, 0/76 (85) HPs)
             Began as a Naga Hunter on June 17, 2023.
             Was a Follower of Okawaru.
             Slain by a white imp (1 damage)
             ... on level 6 of the Dungeon.
             The game lasted 00:01:17 (3840 turns).

qw the Skirmisher (Naga Hunter)                     Turns: 3840, Time: 00:01:18

HP:   0/76 (85)     AC:  8    Str: 13    XL:     9   Next: 34%
MP:   10/12         EV: 14    Int: 11    God:    Okawaru [*.....]
Gold: 30            SH:  0    Dex: 18    Spells: 8/8 levels left

rFire   + . .        Y - +2 arbalest (freeze)
rCold   . . .        (shield currently unavailable)
rNeg    . . .        i - +0 robe {Will+}
rPois   +            (no helmet)
rElec   .            (no cloak)
rCorr   .            (no gloves)
SInv    +            (no barding)
Will    ++...        (no amulet)
Stlth   ++++         b - ring of protection from fire
HPRegen 0.32/turn    l - +4 ring of protection
MPRegen 0.13/turn

%: no passive effects
@: short of breath, heroic, heavily drained, very slow
A: AC +3, large, see invisible, deformed body, poison resistance, slowness 2,
spit poison 1, naga tail 1
a: Spit Poison, Renounce Religion, Heroism


You were on level 6 of the Dungeon.
You worshipped Okawaru.
Okawaru was aware of your devotion.
You visited 2 branches of the dungeon, and saw 7 of its levels.

You collected 150 gold pieces.
You spent 120 gold pieces at shops.


Innate Abilities, Weirdness & Mutations

Your serpentine skin is tough. (AC +3)
You have supernaturally acute eyesight. (SInv)
Armour fits poorly on your strangely shaped body.
Your system is resistant to poisons. (rPois)
You cover ground very slowly.
You can spit poison.
You have a snake-like lower body.


   Skills:
 - Level 6.4(11.4) Fighting
 + Level 9.1(14.1) Ranged Weapons
 - Level 3.0(8.0) Dodging
 - Level 1.5(6.5) Stealth
 - Level 4.1 Invocations


You had 8 spell levels left.
You didn't know any spells.
Your spell library was empty.

Inventory:

Hand Weapons
 Y - a +2 arbalest of freezing (weapon)
Armour
 c - a +0 leather armour
 i - a +0 robe of willpower (worn)
Jewellery
 b - a ring of protection from fire (left hand)
 f - a +6 ring of strength
 l - a +4 ring of protection (right hand)
Scrolls
 a - a scroll of identify
Potions
 d - 6 potions of curing
 e - 2 potions of mutation
 g - a potion of degeneration {unknown}
 h - 2 potions of might
 j - 5 potions of enlightenment
 k - a potion of berserk rage {unknown}

Dungeon Overview and Level Annotations

Branches:
Dungeon (6/15)             Temple (1/1) D:4

Altars:
Dithmenos
Fedhas
Gozag
Hepliaklqana
Kikubaaqudgha
Makhleb
Nemelex Xobeh
Okawaru
Ru
Trog
Uskayaw
Vehumet
Xom
Yredelemnul
Zin
The Shining One

Shops:
D:4 (   D:6 !


Message History

Aiming: Spit Poison (1% risk of failure)
Press: ? - help, Shift-Dir - straight line, f - ufetubus The splash of poison misses the ufetubus.
The splash of poison hits the wight.
The wight completely resists.
You feel like a meek peon again. The wight closely misses you.
The white imp misses you. The ufetubus misses you.
The ufetubus hits you but does no damage.
You shoot a bolt. The bolt closely misses the wight.
The ufetubus closely misses you. The ufetubus barely misses you.
The wight closely misses you.
The wight hits you from afar with a +4 spear of freezing.
You feel drained. The wight freezes you.
The white imp hits you but does no damage.
The ufetubus hits you but does no damage. x2
The wight misses you.
The wight hits you from afar with a +4 spear of freezing!
You feel drained. The wight freezes you. The white imp hits you.
The white imp freezes you.
The ufetubus hits you but does no damage.
The ufetubus closely misses you.
3839 ||| INVOKING Heroism.
You gain the combat prowess of a mighty hero.
You have got your breath back.
The ufetubus hits you but does no damage.
The ufetubus misses you. The wight closely misses you.
The white imp hits you but does no damage.
The wight hits you with a +2 battleaxe!
The wight hits you from afar with a +6 halberd of freezing!
You feel drained. The wight freezes you.
3840 ||| INVOKING Spit Poison.
Aiming: Spit Poison (1% risk of failure)
Press: ? - help, Shift-Dir - straight line, f - ufetubus, p - wight The splash of poison hits the ufetubus!
The ufetubus is poisoned.
You kill the ufetubus!
Okawaru accepts your kill. The wight barely misses you.
The wight hits you from afar with a +4 spear of freezing!
You feel drained. The wight freezes you. The wight closely misses you.
The white imp hits you.
You die...

#.....##....##
#.....#######
#.....# #.....#
#.....# #.....#
#.....####
######..z#####.
#.@.z.....
#..5..$...
.....z.....
.............
#.............
######.......$
#........
.........


You could see 3 wights and a white imp.

Vanquished Creatures
  A two-headed ogre (D:6)
  Pikel (D:4)
  A vampire (D:5)
  3 ogres
  A lemure (D:4)
  2 scorpions (D:4)
  2 wights (D:6)
  A howler monkey (D:4)
  3 hounds
  A jelly (D:5)
  4 orc wizards (D:5)
  Natasha (thrice) (D:4)
  3 iguanas
  5 adders
  A white imp (D:6)
  An ufetubus (D:6)
  3 worms
  4 orcs (D:5)
  6 ball pythons
  4 bats
  6 endoplasms
  2 giant cockroaches
  3 goblins
  8 hobgoblins
  3 jackals (D:2)
  4 quokkas
  A frilled lizard (D:3)
  6 kobolds
  8 rats
91 creatures vanquished.

Notes
Turn   | Place    | Note
-------+----------+-------------------------------------------
     0 | D:1      | qw the Naga Hunter began the quest for the Orb.
     0 | D:1      | Reached XP level 1. HP: 19/19 MP: 1/1
     0 | D:1      | 0 ||| qw: Version: 0.3-a-5-g6f28e65
     0 | D:1      | 0 ||| qw: Game counter: 490
     0 | D:1      | 0 ||| qw: Always use a shield: true
     0 | D:1      | 0 ||| qw: God list: Okawaru
     0 | D:1      | 0 ||| qw: Allow faded altars: false
     0 | D:1      | 0 ||| qw: Do Orc after D:15 true
     0 | D:1      | 0 ||| qw: Do second Lair branch before Depths: true
     0 | D:1      | 0 ||| qw: Lair rune preference: random
     0 | D:1      | 0 ||| qw: Plans: Normal
     0 | D:1      | 0 ||| PLANNING D:1-11
    14 | D:1      | Found a faded altar of an unknown god.
    16 | D:1      | 16 ||| INVOKING Spit Poison.
    17 | D:1      | 17 ||| INVOKING Spit Poison.
   107 | D:1      | 107 ||| INVOKING Spit Poison.
   158 | D:1      | 158 ||| INVOKING Spit Poison.
   182 | D:1      | Reached skill level 4 in Ranged Weapons
   182 | D:1      | Reached XP level 2. HP: 26/26 MP: 2/2
   210 | D:1      | 210 ||| INVOKING Spit Poison.
   273 | D:1      | 273 ||| INVOKING Spit Poison.
   331 | D:1      | 331 ||| INVOKING Spit Poison.
   332 | D:1      | 332 ||| INVOKING Spit Poison.
   367 | D:1      | 367 ||| INVOKING Spit Poison.
   520 | D:1      | 520 ||| INVOKING Spit Poison.
   582 | D:1      | 582 ||| INVOKING Spit Poison.
   759 | D:1      | 759 ||| INVOKING Spit Poison.
   796 | D:1      | 796 ||| UPGRADING to +6 ring of strength.
   797 | D:1      | 797 ||| READING 2 scrolls labelled SAOFOA EREA.
   798 | D:1      | 798 ||| READING 2 scrolls labelled SUODODGHUOD.
   799 | D:1      | 799 ||| DROPPING scroll of butterflies.
   800 | D:1      | 800 ||| DROPPING scroll of fog.
   843 | D:2      | 843 ||| STAIRDANCE
   887 | D:2      | 887 ||| INVOKING Spit Poison.
   921 | D:2      | 921 ||| INVOKING Spit Poison.
   922 | D:2      | Reached XP level 3. HP: 32/32 MP: 3/3
   931 | D:2      | 931 ||| INVOKING Spit Poison.
   932 | D:2      | 932 ||| INVOKING Spit Poison.
   938 | D:2      | 938 ||| INVOKING Spit Poison.
   990 | D:2      | 990 ||| INVOKING Spit Poison.
  1024 | D:2      | 1024 ||| INVOKING Spit Poison.
  1064 | D:2      | 1064 ||| INVOKING Spit Poison.
  1319 | D:2      | 1319 ||| UPGRADING to +4 ring of protection.
  1320 | D:2      | 1320 ||| READING scroll labelled QAUSUF YMAO.
  1321 | D:2      | 1321 ||| READING scroll labelled REWORU KOCLU.
  1321 | D:2      | Identified a scroll of acquirement
  1321 | D:2      | 1321 ||| ACQUIRING +0 arbalest of freezing
  1321 | D:2      | Acquired a +0 arbalest of freezing
  1323 | D:2      | 1323 ||| SWAPPING to +0 arbalest of freezing.
  1324 | D:2      | 1324 ||| DROPPING +0 shortbow.
  1325 | D:2      | 1325 ||| READING scroll labelled VUDUDI MO LET.
  1328 | D:2      | 1328 ||| DRINKING 2 metallic green potions.
  1329 | D:2      | 1329 ||| READING 3 scrolls of identify.
  1329 | D:2      | 1329 ||| IDENTIFYING red potion
  1330 | D:2      | 1330 ||| READING 2 scrolls of identify.
  1330 | D:2      | 1330 ||| IDENTIFYING purple potion
  1331 | D:2      | 1331 ||| DROPPING potion of brilliance.
  1356 | D:3      | 1356 ||| INVOKING Spit Poison.
  1362 | D:3      | 1362 ||| INVOKING Spit Poison.
  1365 | D:3      | Reached skill level 5 in Ranged Weapons
  1365 | D:3      | Reached XP level 4. HP: 39/39 MP: 4/4
  1383 | D:3      | 1383 ||| INVOKING Spit Poison.
  1394 | D:3      | 1394 ||| INVOKING Spit Poison.
  1410 | D:3      | 1410 ||| INVOKING Spit Poison.
  1415 | D:3      | 1415 ||| INVOKING Spit Poison.
  1419 | D:3      | 1419 ||| INVOKING Spit Poison.
  1439 | D:3      | 1439 ||| INVOKING Spit Poison.
  1445 | D:3      | 1445 ||| INVOKING Spit Poison.
  1465 | D:3      | 1465 ||| INVOKING Spit Poison.
  1484 | D:3      | 1484 ||| INVOKING Spit Poison.
  1503 | D:3      | 1503 ||| INVOKING Spit Poison.
  1615 | D:3      | Found a hazy altar of Hepliaklqana.
  1616 | D:3      | 1616 ||| INVOKING Spit Poison.
  1890 | D:3      | 1890 ||| UPGRADING to ring of protection from fire.
  1892 | D:3      | 1892 ||| DROPPING ring of flight.
  1893 | D:3      | 1893 ||| READING 2 scrolls of identify.
  1893 | D:3      | 1893 ||| IDENTIFYING viscous golden potion
  1950 | D:4      | 1950 ||| INVOKING Spit Poison.
  1951 | D:4      | 1951 ||| INVOKING Spit Poison.
  2046 | D:4      | Noticed Natasha
  2047 | D:4      | 2047 ||| INVOKING Spit Poison.
  2048 | D:4      | 2048 ||| Stepping ~*~*~tactically~*~*~ (outnumbered).
  2050 | D:4      | Killed Natasha
  2051 | D:4      | Reached skill level 3 in Fighting
  2051 | D:4      | Reached XP level 5. HP: 42/49 MP: 5/5
  2163 | D:4      | 2163 ||| INVOKING Spit Poison.
  2220 | D:4      | Noticed Natasha
  2222 | D:4      | 2222 ||| INVOKING Spit Poison.
  2225 | D:4      | Killed Natasha
  2284 | D:4      | 2284 ||| INVOKING Spit Poison.
  2285 | D:4      | Noticed Pikel
  2285 | D:4      | Noticed a lemure
  2285 | D:4      | Noticed a lemure
  2285 | D:4      | Noticed a lemure
  2286 | D:4      | Noticed a lemure
  2287 | D:4      | 2287 ||| INVOKING Spit Poison.
  2288 | D:4      | Killed a lemure
  2290 | D:4      | 2290 ||| INVOKING Spit Poison.
  2291 | D:4      | Killed Pikel
  2292 | D:4      | Reached skill level 7 in Ranged Weapons
  2292 | D:4      | Reached XP level 6. HP: 44/56 MP: 6/6
  2292 | D:4      | Reached XP level 7. HP: 48/62 MP: 7/7
  2293 | D:4      | 2293 ||| INVOKING Spit Poison.
  2295 | D:4      | 2295 ||| FLEEEEING.
  2296 | D:4      | 2296 ||| FLEEEEING.
  2297 | D:4      | 2297 ||| FLEEEEING.
  2298 | D:4      | 2298 ||| FLEEEEING.
  2299 | D:4      | 2299 ||| FLEEEEING.
  2304 | D:4      | 2304 ||| FLEEEEING.
  2305 | D:4      | 2305 ||| FLEEEEING.
  2306 | D:4      | 2306 ||| FLEEEEING.
  2307 | D:4      | 2307 ||| FLEEEEING.
  2308 | D:4      | 2308 ||| FLEEEEING.
  2309 | D:4      | 2309 ||| FLEEEEING.
  2388 | D:4      | Found a radiant altar of Vehumet.
  2392 | D:4      | 2392 ||| INVOKING Spit Poison.
  2394 | D:4      | Noticed Natasha
  2396 | D:4      | 2396 ||| INVOKING Spit Poison.
  2398 | D:4      | Killed Natasha
  2403 | D:4      | Found a staircase to the Ecumenical Temple.
  2404 | D:4      | 2404 ||| PLANNING TEMPLE
  2405 | D:4      | 2405 ||| UPGRADING to +0 robe of willpower.
  2415 | D:4      | 2415 ||| READING scroll labelled UDDOUNN DOFE.
  2416 | D:4      | 2416 ||| READING scroll labelled NYOVIONN TUIGIOFF.
  2417 | D:4      | 2417 ||| READING 2 scrolls of identify.
  2417 | D:4      | 2417 ||| IDENTIFYING viscous white potion
  2426 | Temple   | Entered the Ecumenical Temple
  2453 | Temple   | 2453 ||| PLANNING OKAWARU WORSHIP
  2536 | Temple   | Became a worshipper of Warmaster Okawaru
  2537 | Temple   | 2537 ||| PLANNING D:1-11
  2575 | D:4      | 2575 ||| READING scroll of enchant weapon.
  2575 | D:4      | 2575 ||| ENCHANTING +1 arbalest of freezing.
  2612 | D:4      | Found Guyss's Antique Weapon Shop.
  2677 | D:4      | 2677 ||| INVOKING Spit Poison.
  2685 | D:4      | Found a glowing silver altar of Zin.
  2886 | D:4      | 2886 ||| READING scroll labelled JURAOM BILOCH.
  2900 | D:5      | Entered Level 5 of the Dungeon
  2970 | D:5      | 2970 ||| INVOKING Spit Poison.
  2971 | D:5      | Reached XP level 8. HP: 73/73 MP: 8/8
  2991 | D:5      | 2991 ||| INVOKING Spit Poison.
  3079 | D:5      | 3079 ||| INVOKING Spit Poison.
  3081 | D:5      | Reached skill level 8 in Ranged Weapons
  3090 | D:5      | 3090 ||| INVOKING Spit Poison.
  3095 | D:5      | 3095 ||| INVOKING Spit Poison.
  3108 | D:5      | Found a hide-covered altar of Uskayaw.
  3114 | D:5      | 3114 ||| INVOKING Spit Poison.
  3125 | D:5      | 3125 ||| INVOKING Spit Poison.
  3130 | D:5      | 3130 ||| INVOKING Spit Poison.
  3131 | D:5      | Reached * piety under Okawaru
  3133 | D:5      | 3133 ||| INVOKING Heroism.
  3134 | D:5      | 3134 ||| INVOKING Spit Poison.
  3209 | D:5      | 3209 ||| INVOKING Spit Poison.
  3299 | D:5      | Noticed a vampire
  3310 | D:5      | HP: 18/74 [vampire (9)]
  3311 | D:5      | Killed a vampire
  3312 | D:5      | Reached skill level 9 in Ranged Weapons
  3504 | D:5      | 3504 ||| INVOKING Spit Poison.
  3730 | D:6      | 3730 ||| INVOKING Spit Poison.
  3733 | D:6      | Found Fuecocke's Distillery.
  3736 | D:6      | 3736 ||| INVOKING Spit Poison.
  3738 | D:6      | Reached skill level 1 in Invocations
  3752 | D:6      | Noticed a two-headed ogre
  3753 | D:6      | 3753 ||| INVOKING Heroism.
  3754 | D:6      | 3754 ||| INVOKING Spit Poison.
  3757 | D:6      | Killed a two-headed ogre
  3758 | D:6      | Reached skill level 6 in Fighting
  3758 | D:6      | Reached XP level 9. HP: 85/85 MP: 6/12
  3801 | D:6      | 3801 ||| BUYING 2 potions of enlightenment (120 gold).
  3801 | D:6      | Bought 2 potions of enlightenment for 120 gold pieces
  3801 | D:6      | 3801 ||| SHOPLISTING potion of curing (36 gold, have 30).
  3801 | D:6      | 3801 ||| SHOPLISTING potion of haste (120 gold, have 30).
  3801 | D:6      | 3801 ||| SHOPLISTING potion of heal wounds (60 gold, have
                  | 30).
  3814 | D:6      | 3814 ||| INVOKING Spit Poison.
  3824 | D:6      | 3824 ||| INVOKING Heroism.
  3826 | D:6      | 3826 ||| INVOKING Spit Poison.
  3832 | D:6      | 3832 ||| INVOKING Spit Poison.
  3835 | D:6      | Reached skill level 3 in Dodging
  3837 | D:6      | 3837 ||| INVOKING Spit Poison.
  3839 | D:6      | 3839 ||| INVOKING Heroism.
  3839 | D:6      | HP: 18/80 [wight/+6 halberd of freezing (10)]
  3840 | D:6      | 3840 ||| INVOKING Spit Poison.
  3840 | D:6      | HP: 6/78 [wight/+4 spear of freezing (7)]
  3840 | D:6      | HP: 1/76 [wight/+4 spear of freezing (2)]
  3840 | D:6      | Slain by a white imp

Levels and vault maps discovered:
D:1:      dpeg_arrival_orchard, layout_basic,
          hellmonk_ecumenical_altar_pennies_from_heaven,
          nicolae_figureground_sparkle
D:2:      layout_rooms, minmay_misc_feat_tiny
D:3:      layout_basic, mainiacjoe_overflow_paths, hangedman_feature_mirror
D:4:      layout_basic, mainiacjoe_overflow_surrounded_room,
          nicolae_vehumet_radiance, minmay_temple_entry_statues_pillars,
          serial_shops, nicolae_shop_peninsula, uniq_natasha, uniq_pikel
D:5:      layout_gridville, lemuel_round_altar
D:6:      layout_basic, elyvilon_altar_4, nicolae_ashenzari_skybound,
          nicolae_wu_jian_glorious_leap, serial_demonic, serial_demonic_a,
          serial_demonic_g, serial_demonic_d, serial_demonic_a,
          serial_demonic_c, serial_demonic_e, serial_demonic_a,
          serial_demonic_d, serial_demonic_d, serial_demonic_d, serial_shops,
          nicolae_shop_tiny_waterfront
Temple:   nicolae_temple_godzebo

Skill      XL: |  1  2  3  4  5  6  7  8  9 |
---------------+----------------------------+-----
Ranged Weapons | 4 5 7 9 |  9.1
Fighting       | 3 4 6 |  6.4
Dodging        | 2 3 |  3.0
Invocations    | 4 |  4.1
Stealth        | |  1.5

Action                     |  1- 3 |  4- 6 |  7- 9 || total
---------------------------+-------+-------+-------++-------
   Fire: Shortbow          |    44 |       |       ||    44
         Arbalest          |     2 |    26 |    75 ||   103
 Invoke: Heroism           |       |       |     4 ||     4
Ability: Spit Poison       |    19 |    18 |    23 ||    60
    Use: Scroll            |     7 |     1 |     5 ||    13
         Potion            |     1 |       |       ||     1
 Armour: Leather armour    |     3 |     5 |       ||     8
         Robe              |       |       |    21 ||    21
  Dodge: Dodged            |     5 |     3 |    40 ||    48

Table legend:
 A = Non-vault XP
 B = Vault XP
 C = Vault XP percentage of total XP
 D = Non-vault monster count
 E = Vault monster count
 F = Vault count percentage of total count
                 A         B        C        D         E       F
            +---------+---------+-------+---------+---------+-------
      Total |    2420 |     738 |  23.4 |      86 |       4 |   4.4
            +---------+---------+-------+---------+---------+-------
        D:1 |      29 |       0 |   0.0 |      18 |       0 |   0.0
        D:2 |      49 |       0 |   0.0 |      13 |       0 |   0.0
        D:3 |      50 |       0 |   0.0 |      17 |       0 |   0.0
        D:4 |     314 |     720 |  69.6 |      13 |       2 |  13.3
        D:5 |     786 |       0 |   0.0 |      18 |       0 |   0.0
        D:6 |    1192 |      18 |   1.5 |       7 |       2 |  22.2
            +---------+---------+-------+---------+---------+-------
